TOP OF THE 1ST |
Oklahoma City 89ers batting - Pitching for Tulsa Drillers : RHP Luis Garcia
|
Pitching: RHP Luis Garcia
|
|
Batting: RHB James Glenn
|
0-0: Foul Ball, location: 2F 0-1: Ball 1-1: Ball 2-1: SINGLE (Groundball, 4M, EV 91.9 MPH) (infield hit)
|
Batting: RHB Danny Jasso
|
0-0: Ball 1-0: Swinging Strike 1-1: Ball 2-1: Fly out, F3 (Line Drive, 3, EV 74.4 MPH) Lined into DP, U3 (Line Drive, 3, EV 71.9 MPH)
|
Batting: RHB John Christensen
|
0-0: Ball 1-0: Ball 2-0: Called Strike 2-1: Foul Ball, location: 2F 2-2: Foul Ball, location: 2F 2-2: SINGLE (Line Drive, 78M, EV 91.3 MPH)
|
Batting: RHB David Green
|
0-0: Ball 1-0: Fly out, F7 (Flyball, 7, EV 81.9 MPH)
|
Top of the 1st over - 0 runs, 2 hits, 0 errors, 1 left on base; Oklahoma City 0 - Tulsa 0 |
BOTTOM OF THE 1ST |
Tulsa Drillers batting - Pitching for Oklahoma City 89ers : RHP Chris Whitt
|
Pitching: RHP Chris Whitt
|
|
Batting: SHB Paul Householder
|
0-0: Ball 1-0: Ball 2-0: Called Strike 2-1: Ball 3-1: Foul Ball, location: 2F 3-2: Base on Balls
|
Batting: RHB Victor Rios
|
0-0: Called Strike 0-1: Ball Paul Householder steals 2nd base 1-1: Ball 2-1: Ball 3-1: Fly out, F9 (Line Drive, 9, EV 95.6 MPH)
|
Batting: LHB Jim Adduci
|
0-0: Called Strike 0-1: Foul Ball, location: 2F 0-2: Foul Ball, location: 2F 0-2: Ball 1-2: Strikes out swinging
|
Batting: LHB Mike Pagliarulo
|
0-0: Fly out, F9 (Flyball, 89M, EV 92.5 MPH)
|
Bottom of the 1st over - 0 runs, 0 hits, 0 errors, 1 left on base; Oklahoma City 0 - Tulsa 0 |
TOP OF THE 2ND |
Oklahoma City 89ers batting - Pitching for Tulsa Drillers : RHP Luis Garcia
|
Batting: LHB Tom O'Malley
|
0-0: Ball 1-0: Called Strike 1-1: Foul Ball, location: 2F 1-2: Strikes out swinging
|
Batting: LHB John Harris
|
0-0: Swinging Strike 0-1: Ball 1-1: Swinging Strike 1-2: Strikes out swinging
|
Batting: RHB Nick Esasky
|
0-0: Called Strike 0-1: Ground out 5-3 (Groundball, 56S, EV 88.1 MPH)
|
Top of the 2nd over - 0 runs, 0 hits, 0 errors, 0 left on base; Oklahoma City 0 - Tulsa 0 |
BOTTOM OF THE 2ND |
Tulsa Drillers batting - Pitching for Oklahoma City 89ers : RHP Chris Whitt
|
Batting: RHB Bob Grandas
|
0-0: Ball 1-0: Swinging Strike 1-1: Fly out, F8 (Flyball, 8LM, EV 84.4 MPH)
|
Batting: SHB Luis Quinones
|
0-0: Ball 1-0: Called Strike 1-1: Ball 2-1: Foul Ball, location: 2F 2-2: Foul Ball, location: 2F 2-2: Strikes out swinging
|
Batting: RHB Bob E Johnson
|
0-0: Called Strike 0-1: Called Strike 0-2: Ball 1-2: Ball 2-2: Strikes out swinging
|
Bottom of the 2nd over - 0 runs, 0 hits, 0 errors, 0 left on base; Oklahoma City 0 - Tulsa 0 |
TOP OF THE 3RD |
Oklahoma City 89ers batting - Pitching for Tulsa Drillers : RHP Luis Garcia
|
Batting: LHB Jorge Oquendo
|
0-0: Ball 1-0: Ball 2-0: Called Strike 2-1: Ground out 5-3 (Groundball, 56, EV 79.4 MPH)
|
Batting: RHB Robert Bailey
|
0-0: Swinging Strike 0-1: Ball 1-1: Ball 2-1: Swinging Strike 2-2: Ball 3-2: Strikes out swinging
|
Batting: RHB James Glenn
|
0-0: Ball 1-0: Ball 2-0: Ground out 5-3 (Groundball, 56S, EV 81.3 MPH)
|
Top of the 3rd over - 0 runs, 0 hits, 0 errors, 0 left on base; Oklahoma City 0 - Tulsa 0 |
BOTTOM OF THE 3RD |
Tulsa Drillers batting - Pitching for Oklahoma City 89ers : RHP Chris Whitt
|
Batting: RHB Don Ruzek
|
0-0: Ball 1-0: Fly out, F9 (Flyball, 89D, EV 84.4 MPH)
|
Batting: RHB Nick Belmonte
|
0-0: Foul Ball, location: 2F 0-1: Ball 1-1: Ball 2-1: Ground out 4-3 (Groundball, 4S, EV 89.4 MPH)
|
Batting: SHB Paul Householder
|
0-0: Called Strike 0-1: Fly out, F7 (Flyball, 78S, EV 89.4 MPH)
|
Bottom of the 3rd over - 0 runs, 0 hits, 0 errors, 0 left on base; Oklahoma City 0 - Tulsa 0 |
TOP OF THE 4TH |
Oklahoma City 89ers batting - Pitching for Tulsa Drillers : RHP Luis Garcia
|
Batting: RHB Danny Jasso
|
0-0: Ball 1-0: Ground out 5-3 (Groundball, 5S, EV 90.0 MPH)
|
Batting: RHB John Christensen
|
0-0: Ball 1-0: Called Strike 1-1: Ball 2-1: SINGLE (Groundball, 56D, EV 100.0 MPH)
|
Batting: RHB David Green
|
0-0: Grounds into double play, 4-6-3 (Groundball, 4, EV 105.0 MPH)
|
Top of the 4th over - 0 runs, 1 hit, 0 errors, 0 left on base; Oklahoma City 0 - Tulsa 0 |
BOTTOM OF THE 4TH |
Tulsa Drillers batting - Pitching for Oklahoma City 89ers : RHP Chris Whitt
|
Batting: RHB Victor Rios
|
0-0: Fly out, F9 (Flyball, 9LM, EV 96.3 MPH)
|
Batting: LHB Jim Adduci
|
0-0: DOUBLE (Flyball, 78XD, EV 108.1 MPH)
|
Batting: LHB Mike Pagliarulo
|
0-0: Called Strike 0-1: Ball 1-1: Called Strike 1-2: Ground out 4-3 (Groundball, 4, EV 83.8 MPH) Jim Adduci to third
|
Batting: RHB Bob Grandas
|
0-0: Ball 1-0: Ground out U3 (Groundball, 3S, EV 72.5 MPH)
|
Bottom of the 4th over - 0 runs, 1 hit, 0 errors, 1 left on base; Oklahoma City 0 - Tulsa 0 |
TOP OF THE 5TH |
Oklahoma City 89ers batting - Pitching for Tulsa Drillers : RHP Luis Garcia
|
Batting: LHB Tom O'Malley
|
0-0: Ball 1-0: Foul Ball, location: 2F 1-1: Ground out 4-3 (Groundball, 4, EV 104.4 MPH)
|
Batting: LHB John Harris
|
0-0: Ball 1-0: Ground out 5-3 (Groundball, 56, EV 85.6 MPH)
|
Batting: RHB Nick Esasky
|
0-0: Ball 1-0: Ball 2-0: Called Strike 2-1: Ball 3-1: Fly out, F9 (Flyball, 9D, EV 98.8 MPH)
|
Top of the 5th over - 0 runs, 0 hits, 0 errors, 0 left on base; Oklahoma City 0 - Tulsa 0 |
BOTTOM OF THE 5TH |
Tulsa Drillers batting - Pitching for Oklahoma City 89ers : RHP Chris Whitt
|
Batting: SHB Luis Quinones
|
0-0: Fly out, F7 (Flyball, 7LS, EV 86.3 MPH)
|
Batting: RHB Bob E Johnson
|
0-0: Ball 1-0: Called Strike 1-1: Foul Ball, location: 2F 1-2: Ground out 6-3 (Groundball, 6, EV 104.4 MPH)
|
Batting: RHB Don Ruzek
|
0-0: Ball 1-0: SINGLE (Line Drive, 4MD, EV 97.5 MPH)
|
Batting: RHB Nick Belmonte
|
0-0: Called Strike Don Ruzek steals 2nd base 0-1: Ball 1-1: Foul Ball, location: 2F 1-2: SINGLE (Line Drive, 78M, EV 106.9 MPH) Don Ruzek to third Runner from 3rd tries for Home, SAFE, throw by LF to home Nick Belmonte to second
|
Batting: SHB Paul Householder
|
0-0: Intentional Walk
|
Batting: RHB Victor Rios
|
0-0: Ball 1-0: Ball 2-0: Ball 3-0: Base on Balls Nick Belmonte to third Paul Householder to second
|
Batting: LHB Jim Adduci
|
0-0: Foul Ball, location: 2F 0-1: Ball 1-1: Foul Ball, location: 2F 1-2: Ground out 2-3 (Groundball, 15S, EV 66.9 MPH)
|
Bottom of the 5th over - 1 run, 2 hits, 0 errors, 3 left on base; Oklahoma City 0 - Tulsa 1 |
TOP OF THE 6TH |
Oklahoma City 89ers batting - Pitching for Tulsa Drillers : RHP Luis Garcia
|
Batting: LHB Jorge Oquendo
|
0-0: Called Strike 0-1: Ball 1-1: Foul Ball, location: 2F 1-2: Foul Ball, location: 2F 1-2: Foul Ball, location: 2F 1-2: Ball 2-2: Foul Ball, location: 2F 2-2: SINGLE (Groundball, 4MD, EV 101.3 MPH)
|
Batting: RHB Robert Bailey
|
0-0: Grounds into double play, 3-6-3 (Groundball, 3, EV 103.1 MPH)
|
Batting: RHB James Glenn
|
0-0: Ball 1-0: Called Strike 1-1: Ground out 6-3 (Groundball, 6, EV 81.9 MPH)
|
Top of the 6th over - 0 runs, 1 hit, 0 errors, 0 left on base; Oklahoma City 0 - Tulsa 1 |
BOTTOM OF THE 6TH |
Tulsa Drillers batting - Pitching for Oklahoma City 89ers : RHP Chris Whitt
|
Batting: LHB Mike Pagliarulo
|
0-0: Ball 1-0: Called Strike 1-1: Ball 2-1: Ball 3-1: Fly out, F8 (Flyball, 8RXD, EV 89.4 MPH)
|
Batting: RHB Bob Grandas
|
0-0: Called Strike 0-1: Ball 1-1: Swinging Strike 1-2: Strikes out swinging
|
Batting: SHB Luis Quinones
|
0-0: Called Strike 0-1: Foul Ball, location: 2F 0-2: Ball 1-2: Foul Ball, location: 2F 1-2: Ground out U3 (Groundball, 3, EV 91.9 MPH)
|
Bottom of the 6th over - 0 runs, 0 hits, 0 errors, 0 left on base; Oklahoma City 0 - Tulsa 1 |
TOP OF THE 7TH |
Oklahoma City 89ers batting - Pitching for Tulsa Drillers : RHP Luis Garcia
|
Batting: RHB Danny Jasso
|
0-0: Swinging Strike 0-1: Ball 1-1: Ball 2-1: Called Strike 2-2: Ground out 6-3 (Groundball, 6, EV 87.5 MPH)
|
Batting: RHB John Christensen
|
0-0: Called Strike 0-1: Foul Ball, location: 2F 0-2: Ball 1-2: Foul Ball, location: 2F 1-2: Ball 2-2: Strikes out swinging
|
Batting: RHB David Green
|
0-0: Ball 1-0: Ball 2-0: Called Strike 2-1: Called Strike 2-2: Ball 3-2: Foul Ball, location: 2F 3-2: Base on Balls
|
Batting: LHB Tom O'Malley
|
0-0: Called Strike 0-1: Called Strike 0-2: Ball 1-2: Foul Ball, location: 2F 1-2: Foul Ball, location: 2F 1-2: Strikes out looking
|
Top of the 7th over - 0 runs, 0 hits, 0 errors, 1 left on base; Oklahoma City 0 - Tulsa 1 |
BOTTOM OF THE 7TH |
Tulsa Drillers batting - Pitching for Oklahoma City 89ers : RHP Chris Whitt
|
Batting: RHB Bob E Johnson
|
0-0: Swinging Strike 0-1: Called Strike 0-2: Fly out, F8 (Line Drive, 8RD, EV 91.9 MPH)
|
Batting: RHB Don Ruzek
|
0-0: Foul Ball, location: 2F 0-1: Called Strike 0-2: Foul Ball, location: 2F 0-2: Strikes out swinging
|
Batting: RHB Nick Belmonte
|
0-0: Ball 1-0: Foul Ball, location: 2F 1-1: Ball 2-1: Fly out, F8 (Flyball, 8RD, EV 88.1 MPH)
|
Bottom of the 7th over - 0 runs, 0 hits, 0 errors, 0 left on base; Oklahoma City 0 - Tulsa 1 |
TOP OF THE 8TH |
Oklahoma City 89ers batting - Pitching for Tulsa Drillers : RHP Luis Garcia
|
Batting: LHB John Harris
|
0-0: Ground out 6-3 (Groundball, 56, EV 103.1 MPH)
|
Batting: RHB Nick Esasky
|
0-0: Ball 1-0: Fly out, F7 (Flyball, 7D, EV 76.3 MPH)
|
Batting: LHB Jorge Oquendo
|
0-0: Ball 1-0: Ball 2-0: Called Strike 2-1: SINGLE (Groundball, 25, EV 65.0 MPH) (infield hit)
|
Batting: RHB Robert Bailey
|
0-0: Called Strike 0-1: Ball 1-1: Ball 2-1: SINGLE (Groundball, 6D, EV 94.4 MPH) Jorge Oquendo to second
|
Batting: RHB James Glenn
|
0-0: Ball 1-0: Fly out, F8 (Flyball, 8RD, EV 90.6 MPH)
|
Top of the 8th over - 0 runs, 2 hits, 0 errors, 2 left on base; Oklahoma City 0 - Tulsa 1 |
BOTTOM OF THE 8TH |
Tulsa Drillers batting - Pitching for Oklahoma City 89ers : RHP Chris Whitt
|
Batting: SHB Paul Householder
|
0-0: Swinging Strike 0-1: Ball 1-1: Ball 2-1: Foul Ball, location: 2F 2-2: Ball 3-2: SINGLE (Line Drive, 7LS, EV 96.3 MPH)
|
Batting: RHB Victor Rios
|
0-0: Ball 1-0: Ball Paul Householder steals 2nd base 2-0: Bunted foul 2-1: Bunted foul 2-2: Ball 3-2: Foul Ball, location: 2F 3-2: Base on Balls
|
Batting: LHB Jim Adduci
|
0-0: Ball 1-0: Called Strike 1-1: Ball 2-1: 3-RUN HOME RUN (Flyball, 9LD, EV 99.4 MPH), Distance : 363 ft
|
Batting: LHB Mike Pagliarulo
|
0-0: Called Strike 0-1: Ball 1-1: Fly out, F8 (Flyball, 8LM, EV 86.9 MPH)
|
Batting: RHB Bob Grandas
|
0-0: Reached on error, E6 (Groundball, 6S, EV 88.8 MPH)
|
Batting: SHB Luis Quinones
|
0-0: Ball Passed Ball! Bob Grandas to second 1-0: Fly out, F8 (Flyball, 89M, EV 79.4 MPH)
|
Batting: RHB Bob E Johnson
|
0-0: Ball 1-0: Ball 2-0: Ball 3-0: Base on Balls
|
Batting: RHB Don Ruzek
|
0-0: Ball 1-0: Fly out, F8 (Line Drive, 8LD, EV 90.6 MPH)
|
Bottom of the 8th over - 3 runs, 2 hits, 1 error, 2 left on base; Oklahoma City 0 - Tulsa 4 |
TOP OF THE 9TH |
Oklahoma City 89ers batting - Pitching for Tulsa Drillers : RHP Luis Garcia
|
Batting: RHB Danny Jasso
|
0-0: Called Strike 0-1: Ball 1-1: Swinging Strike 1-2: Strikes out swinging
|
Batting: RHB John Christensen
|
0-0: SINGLE (Groundball, 4MD, EV 99.4 MPH)
|
Batting: RHB David Green
|
0-0: SINGLE (Groundball, 4MD, EV 97.5 MPH) John Christensen to second
|
Batting: LHB Tom O'Malley
|
0-0: Swinging Strike 0-1: Foul Ball, location: 2F 0-2: Ball 1-2: Strikes out swinging
|
Batting: LHB John Harris
|
0-0: Ball 1-0: Swinging Strike 1-1: Called Strike 1-2: Ground out 4-3 (Groundball, 4, EV 102.5 MPH)
|
Top of the 9th over - 0 runs, 2 hits, 0 errors, 2 left on base; Oklahoma City 0 - Tulsa 4 |
|